 Dungeon Crawl Stone Soup version 0.31.0-11-ge490571c62 (webtiles) character file.

Game seed: 14110185976058827199

1708 qw the Skirmisher (level 8, 0/40 HPs)
             Began as a Spriggan Hunter on Feb 3, 2024.
             Slain by an ice beast (11 damage)
             ... on level 7 of the Dungeon.
             The game lasted 00:00:26 (4980 turns).

qw the Skirmisher (Spriggan Hunter)                 Turns: 4980, Time: 00:00:27

Health: 0/40       AC:  2    Str: 13    XL:     8   Next: 73%
Magic:  9/9        EV: 24    Int: 10    God:
Gold:   93         SH:  0    Dex: 21    Spells: 7/7 levels left

rFire   . . .        a - +1 shortbow
rCold   . . .        (shield currently unavailable)
rNeg    . . .        c - +0 robe
rPois   .            (helmet restricted)
rElec   .            (no cloak)
rCorr   .            (gloves unavailable)
SInv    +            (boots unavailable)
Will    +....        (no amulet)
Stlth   ++           e - +6 ring of strength
HPRegen 0.26/turn    (no ring)
MPRegen 0.11/turn

%: no passive effects
@: very quick
A: very small, no large weapons, unfitting armour, see invisible, speed 3
a: no special abilities


You were on level 7 of the Dungeon.
You visited 1 branch of the dungeon, and saw 7 of its levels.

You collected 402 gold pieces.
You spent 309 gold pieces at shops.


Innate Abilities, Weirdness & Mutations

You are very small and have problems with some larger weapons.
You are too small for most types of armour.
You have supernaturally acute eyesight. (SInv)
You cover ground extremely quickly. (Speed+++)


   Skills:
 - Level 3.2 Fighting
 + Level 9.4 Ranged Weapons
 - Level 9.0 Dodging
 - Level 1.5 Stealth


You had 7 spell levels left.
You didn't know any spells.
Your spell library was empty.

Inventory:

Hand Weapons
 a - a +1 shortbow (weapon)
Armour
 c - a +0 robe (worn)
Jewellery
 e - a +6 ring of strength (left hand)
Wands
 g - a wand of paralysis (1)
 t - a wand of iceblast (13)
Scrolls
 f - 6 scrolls of teleportation
 r - a scroll of enchant armour
Potions
 b - 3 potions of curing
 d - a potion of mutation
 h - 2 potions of resistance
 j - a potion of enlightenment
 k - a potion of heal wounds
 m - a potion of cancellation {unknown}
 o - a potion of brilliance {unknown}
 q - a potion of haste {unknown}

Dungeon Overview and Level Annotations

Branches:
Dungeon (7/15)
 Temple: D:4-7

Altars:
Nemelex Xobeh
Zin

Shops:
D:4 !   D:6 ?

Annotations:
D:4 2 transporters
D:5 3 runed translucent doors, qw's ghost, amateur DEHu


Message History

There is a stone staircase leading up here.
There are monsters nearby!
Waypoint 6 assigned to D:7.
You shoot an arrow. The orc shouts!
The arrow hits the hound!
The hound is heavily wounded.
You shoot an arrow. The arrow hits the hound.
The hound is severely wounded.
4971 ||| STAIRDANCE The hound barely misses you.
The hound misses you.
You climb upwards.
There is a stone staircase leading down here.
You shoot an arrow. The arrow hits the hound.
The hound is severely wounded.
The hound completely misses you.
You shoot an arrow. The arrow hits the hound.
The hound is almost dead.
The hound completely misses you.
You shoot an arrow. The arrow hits the hound!
You kill the hound!
You climb downwards.
The orc completely misses you. The orc barely misses you.
The orc hits you with a +0 whip. The orc misses you.
The orc hits you with a +0 whip. The orc completely misses you.
There is a stone staircase leading up, spattered with blood here.
You shoot an arrow. The arrow barely misses the ice beast.
The ice beast hits you. The ice beast freezes you!
The orc completely misses you. The orc hits you with a +0 whip.
The orc completely misses you.
You shoot an arrow. The arrow hits the ice beast.
The ice beast is moderately wounded.
The ice beast completely misses you. The orc misses you.
The orc closely misses you.
A black bear comes into view.
The orc misses you.
You shoot an arrow. The black bear growls angrily.
The arrow hits the ice beast.
The ice beast is moderately wounded.
The ice beast hits you. The ice beast freezes you!
You die...

#.# #.######
#......## #
##.......#
#.##.........
..........$
#.oo......
#.@.......
#Yo.......
#.........
#[..).....
..........
...........
..........h
...........#


You could see a black bear, an ice beast and 3 orcs.

Vanquished Creatures
  A komodo dragon (D:6)
  A steam dragon (D:6)
  3 black bears
  An ogre (D:6)
  2 phantoms
  A kobold brigand (D:5)
  A scorpion (D:5)
  2 bullfrogs (D:6)
  2 howler monkeys
  4 hounds
  A bombardier beetle (D:5)
  A sleepcap (D:4)
  A gnoll bouda (D:5)
  An orc wizard (D:5)
  5 gnolls (D:5)
  6 adders
  A white imp (D:6)
  2 ufetubi (D:6)
  3 ribbon worms
  4 dart slugs
  8 orcs
  8 ball pythons
  5 bats
  6 endoplasms
  4 giant cockroaches
  13 goblins
  9 hobgoblins
  9 jackals
  10 kobolds
  3 quokkas
  8 frilled lizards
  7 rats
133 creatures vanquished.

Notes
Turn   | Place    | Note
-------+----------+-------------------------------------------
     0 | D:1      | qw the Spriggan Hunter began the quest for the Orb.
     0 | D:1      | Reached XP level 1. HP: 10/10 MP: 2/2
     0 | D:1      | 0 ||| qw: Version: 0.3-a-157-g843a77d
     0 | D:1      | 0 ||| qw: Game counter: 3584
     0 | D:1      | 0 ||| qw: Melee chars always use a shield: true
     0 | D:1      | 0 ||| qw: God list: Okawaru
     0 | D:1      | 0 ||| qw: Allow faded altars: false
     0 | D:1      | 0 ||| qw: Do Orc after clearing Dungeon:15 true
     0 | D:1      | 0 ||| qw: Do second Lair branch before Depths: true
     0 | D:1      | 0 ||| qw: Lair rune preference: random
     0 | D:1      | 0 ||| qw: Goals: Normal
     0 | D:1      | 0 ||| PLANNING D:1-11
    35 | D:1      | Reached skill level 3 in Dodging
   168 | D:1      | Reached XP level 2. HP: 14/14 MP: 3/3
   345 | D:1      | Reached XP level 3. HP: 18/18 MP: 4/4
   552 | D:1      | 552 ||| READING scroll labelled REODUE GEEMAIJ.
   553 | D:1      | 553 ||| READING scroll labelled ROTHUGG TETZOFA.
   553 | D:1      | 553 ||| IDENTIFYING inky potion
   554 | D:1      | 554 ||| READING 3 scrolls labelled IMECEGG VUCVIA.
   558 | D:1      | 558 ||| READING scroll labelled YZONUMM GIFEKK.
   559 | D:1      | 559 ||| READING scroll labelled XERAEP HEIL.
   660 | D:1      | 660 ||| READING scroll labelled JASCHI VIOMIAM.
   661 | D:1      | 661 ||| DROPPING scroll of butterflies.
   662 | D:1      | 662 ||| DROPPING potion of ambrosia.
  1102 | D:2      | 1102 ||| READING 4 scrolls of identify.
  1102 | D:2      | 1102 ||| IDENTIFYING golden potion
  1103 | D:2      | 1103 ||| READING 3 scrolls of identify.
  1103 | D:2      | 1103 ||| IDENTIFYING metallic orange potion
  1104 | D:2      | 1104 ||| READING 2 scrolls of identify.
  1104 | D:2      | 1104 ||| IDENTIFYING scroll labelled AFAIS YXKY
  1105 | D:2      | 1105 ||| DROPPING potion of degeneration.
  1106 | D:2      | 1106 ||| DROPPING scroll of blinking.
  1145 | D:3      | Reached XP level 4. HP: 22/22 MP: 5/5
  1331 | D:3      | You fall into a shaft and drop 2 floors!
  1331 | D:5      | Entered Level 5 of the Dungeon
  1369 | D:5      | Found a runed translucent gate.
  1372 | D:5      | Found a runed translucent gate.
  1372 | D:5      | Noticed qw's ghost (amateur DEHu)
  1373 | D:5      | Found a runed translucent gate.
  1374 | D:5      | Identified the +7 dagger of Gozag's Generosity {antimagic,
                  | rElec Dex+4}
  1379 | D:5      | Noticed a scorpion
  1380 | D:5      | 1380 ||| ZAPPING wand of paralysis (10) at 6,-1 (scorpion;
                  | stone_stairs_down_iii).
  1386 | D:5      | Killed a scorpion
  1387 | D:5      | Reached XP level 5. HP: 27/27 MP: 6/6
  1444 | D:5      | 1444 ||| UPGRADING to +6 ring of strength.
  1445 | D:5      | 1445 ||| READING scroll of identify.
  1445 | D:5      | 1445 ||| IDENTIFYING orange potion
  1446 | D:5      | 1446 ||| DRINKING 2 fizzy purple potions.
  1447 | D:5      | 1447 ||| DROPPING potion of invisibility.
  1454 | D:5      | 1454 ||| FLEEEEING.
  1455 | D:5      | 1455 ||| STAIRDANCE
  1497 | D:4      | Found Ruxkejir's Distillery.
  1502 | D:4      | 1502 ||| SHOPLISTING 2 potions of cancellation (192 gold,
                  | have 166).
  1502 | D:4      | 1502 ||| BUYING 2 potions of curing (72 gold).
  1502 | D:4      | Bought 2 potions of curing for 72 gold pieces
  1502 | D:4      | 1502 ||| SHOPLISTING 2 potions of haste (240 gold, have
                  | 94).
  1502 | D:4      | 1502 ||| BUYING potion of curing (36 gold).
  1502 | D:4      | Bought a potion of curing for 36 gold pieces
  1502 | D:4      | 1502 ||| SHOPLISTING potion of heal wounds (60 gold, have
                  | 58).
  2003 | D:3      | 2003 ||| READING scroll labelled ITAETOUTUT.
  2003 | D:3      | 2003 ||| ENCHANTING +0 shortbow.
  2042 | D:4      | Noticed a black bear
  2043 | D:4      | 2043 ||| ZAPPING wand of paralysis (9) at -6,-1 (black
                  | bear; floor).
  2044 | D:4      | 2044 ||| ZAPPING wand of paralysis (8) at -5,-1 (black
                  | bear; floor).
  2051 | D:4      | Killed a black bear
  2052 | D:4      | Reached skill level 6 in Ranged Weapons
  2052 | D:4      | Reached XP level 6. HP: 32/32 MP: 7/7
  2057 | D:4      | Found a glowing silver altar of Zin.
  2116 | D:4      | Reached skill level 6 in Dodging
  2481 | D:4      | Found a transporter.
  2487 | D:4      | 2487 ||| READING scroll of identify.
  2487 | D:4      | 2487 ||| IDENTIFYING grey potion
  2524 | D:4      | Found a transporter.
  2565 | D:4      | Noticed a kobold demonologist
  2646 | D:4      | Reached XP level 7. HP: 34/35 MP: 8/8
  3028 | D:5      | 3028 ||| RETREEEEATING.
  3031 | D:5      | 3031 ||| RETREEEEATING.
  3859 | D:5      | 3859 ||| READING 3 scrolls labelled MAQIEL BEIREI.
  3860 | D:5      | 3860 ||| READING scroll labelled DOTZIB XUEDD.
  3860 | D:5      | 3860 ||| ENCHANTING +1 shortbow.
  3861 | D:5      | 3861 ||| READING scroll labelled YCUOTONUFF.
  3962 | D:5      | 3962 ||| DROPPING 2 scrolls of fog.
  3977 | D:6      | Noticed a steam dragon
  3978 | D:6      | 3978 ||| ZAPPING wand of paralysis (7) at -1,-7 (steam
                  | dragon; floor).
  3980 | D:6      | 3980 ||| ZAPPING wand of paralysis (6) at -1,-5 (steam
                  | dragon; floor).
  3981 | D:6      | 3981 ||| ZAPPING wand of paralysis (5) at -1,-4 (steam
                  | dragon; floor).
  3982 | D:6      | 3982 ||| ZAPPING wand of paralysis (4) at -1,-3 (steam
                  | dragon; floor).
  3983 | D:6      | 3983 ||| ZAPPING wand of paralysis (3) at 0,-2 (steam
                  | dragon; floor).
  3994 | D:6      | Killed a steam dragon
  3995 | D:6      | Reached XP level 8. HP: 32/39 MP: 9/9
  4218 | D:6      | 4218 ||| FLEEEEING.
  4219 | D:6      | 4219 ||| FLEEEEING.
  4220 | D:6      | 4220 ||| FLEEEEING.
  4221 | D:6      | 4221 ||| FLEEEEING.
  4234 | D:6      | Noticed a komodo dragon
  4235 | D:6      | 4235 ||| RETREEEEATING.
  4236 | D:6      | 4236 ||| RETREEEEATING.
  4239 | D:6      | 4239 ||| RETREEEEATING.
  4240 | D:6      | 4240 ||| RETREEEEATING.
  4246 | D:6      | Reached skill level 3 in Fighting
  4246 | D:6      | 4246 ||| ZAPPING wand of paralysis (2) at 0,1 (komodo
                  | dragon; floor).
  4259 | D:6      | Killed a komodo dragon
  4260 | D:6      | Reached skill level 9 in Ranged Weapons
  4272 | D:6      | HP: 9/40 [phantom (7)]
  4273 | D:6      | 4273 ||| READING 5 scrolls of teleportation.
  4444 | D:6      | Found a sparkling altar of Nemelex Xobeh.
  4512 | D:6      | Reached skill level 9 in Dodging
  4623 | D:6      | Found Pafroc's Magic Scroll Boutique.
  4628 | D:6      | 4628 ||| SHOPLISTING 2 scrolls of acquirement (1352 gold,
                  | have 266).
  4628 | D:6      | 4628 ||| SHOPLISTING scroll of acquirement (676 gold, have
                  | 266).
  4628 | D:6      | 4628 ||| BUYING scroll of enchant armour (97 gold).
  4628 | D:6      | Bought a scroll of enchant armour for 97 gold pieces
  4628 | D:6      | 4628 ||| BUYING scroll of identify (26 gold).
  4628 | D:6      | Bought a scroll of identify for 26 gold pieces
  4628 | D:6      | 4628 ||| BUYING scroll of teleportation (39 gold).
  4628 | D:6      | Bought a scroll of teleportation for 39 gold pieces
  4628 | D:6      | 4628 ||| BUYING scroll of teleportation (39 gold).
  4628 | D:6      | Bought a scroll of teleportation for 39 gold pieces
  4902 | D:6      | 4902 ||| READING 2 scrolls of identify.
  4902 | D:6      | 4902 ||| IDENTIFYING metallic black potion
  4903 | D:6      | 4903 ||| READING scroll of identify.
  4903 | D:6      | 4903 ||| IDENTIFYING metallic puce potion
  4904 | D:6      | 4904 ||| READING scroll labelled COHOSAROSYUF.
  4905 | D:6      | 4905 ||| READING scroll labelled ZABU DIPEILI.
  4906 | D:6      | 4906 ||| DRINKING 2 sedimented white potions.
  4907 | D:6      | 4907 ||| DROPPING potion of lignification.
  4908 | D:6      | 4908 ||| DROPPING potion of magic.
  4971 | D:7      | 4971 ||| STAIRDANCE
  4980 | D:7      | Slain by an ice beast

Levels and vault maps discovered:
D:1:      amcnicky_arrival_blooded_trapdoor, layout_rooms, minmay_hexomino_f4
D:2:      layout_rooms
D:3:      layout_loops_ring, st_stairs_13
D:4:      gammafunk_wand_slinger, layout_loops_corners, lemuel_doored_altar,
          serial_shops, nicolae_shop_hallway_plus, minmay_circle_x
D:5:      layout_basic, biasface_ghost_orc_armoury
D:6:      layout_loops_ring, mainiacjoe_overflow_concentric_impassable,
          serial_shops, nicolae_shop_pleasant_corner_grove,
          nicolae_elevator_lobby_asterisk
D:7:      layout_rooms, slow_altar_2, minmay_temple_entry_waves,
          kennysheep_small_circle

Skill      XL: |  1  2  3  4  5  6  7  8 |
---------------+-------------------------+-----
Dodging        | 3 4 5 6 7 9 |  9.0
Ranged Weapons | 5 6 8 9 |  9.4
Fighting       | 2 3 |  3.2
Stealth        | |  1.5

Action                     |  1- 3 |  4- 6 |  7- 9 || total
---------------------------+-------+-------+-------++-------
   Fire: Shortbow          |   130 |   139 |   194 ||   463
  Evoke: Wand              |       |     3 |     6 ||     9
    Use: Scroll            |     9 |     3 |     8 ||    20
         Potion            |       |     1 |     1 ||     2
 Armour: Robe              |    11 |    19 |    42 ||    72
  Dodge: Dodged            |    48 |    44 |   132 ||   224

Table legend:
 A = Non-vault XP
 B = Vault XP
 C = Vault XP percentage of total XP
 D = Non-vault monster count
 E = Vault monster count
 F = Vault count percentage of total count
                 A         B        C        D         E       F
            +---------+---------+-------+---------+---------+-------
      Total |    2380 |      61 |   2.5 |     127 |       6 |   4.5
            +---------+---------+-------+---------+---------+-------
        D:1 |      48 |       3 |   5.9 |      26 |       2 |   7.1
        D:2 |      41 |       0 |   0.0 |      17 |       0 |   0.0
        D:3 |     105 |       4 |   3.7 |      21 |       1 |   4.5
        D:4 |     464 |      54 |  10.4 |      26 |       3 |  10.3
        D:5 |     523 |       0 |   0.0 |      22 |       0 |   0.0
        D:6 |    1199 |       0 |   0.0 |      15 |       0 |   0.0
            +---------+---------+-------+---------+---------+-------
